 Dungeon Crawl Stone Soup version 0.24.0-1-gfbc8707122 (webtiles) character file.

Game seed: 2439815393619578264, levelgen mode: deterministic

242 MrBloom the Skirmisher (level 6, -6/56 HPs)
             Began as a Hill Orc Fighter on Oct 28, 2019.
             Killed by divine providence
             ... invoked by an orc priest
              (14 damage)
             ... on level 2 of the Dungeon.
             The game lasted 00:28:45 (2144 turns).

MrBloom the Skirmisher (Hill Orc Fighter)           Turns: 2144, Time: 00:28:46

Health: -6/56      AC:  7    Str: 27    XL:     6   Next: 9%
Magic:  6/6        EV:  7    Int:  8    God:
Gold:   90         SH: 10    Dex: 10    Spells: 4/5 levels left

rFire    + . .     SeeInvis .   a - +0 war axe
rCold    + . .     Gourm    .   c - +0 shield
rNeg     . . .     Faith    .   b - +0 scale mail
rPois    +         Spirit   .   (no helmet)
rElec    +         Reflect  .   (no cloak)
rCorr    +         Harm     +   (no gloves)
MR       .....                  (no boots)
Stlth    ..........             e - amulet of harm
HPRegen  0.18/turn              d - +6 ring of strength
MPRegen  0.10/turn              (no ring)

@: resistant
A: no striking features
a: Convert to Beogh


You were on level 2 of the Dungeon.
You were not hungry.

You visited 1 branch of the dungeon, and saw 3 of its levels.

You collected 90 gold pieces.

Inventory:

Hand Weapons
 a - a +0 war axe (weapon)
Missiles
 h - 24 arrows
 s - 35 stones (quivered)
Armour
 b - a +0 scale mail (worn)
 c - a +0 shield (worn)
 j - a +0 ring mail
Jewellery
 d - a +6 ring of strength (left hand)
 e - an amulet of harm (around neck)
 r - a +6 amulet of reflection {unknown}
Scrolls
 i - 2 scrolls of remove curse
 k - a scroll of random uselessness {unknown}
 l - 2 scrolls of fear {unknown}
 n - a scroll of magic mapping {unknown}
 o - a scroll of teleportation
 t - a scroll of amnesia {unknown}
 v - a scroll of identify {unknown}
Potions
 g - a potion of invisibility {unknown}
 m - a potion of curing {unknown}
 p - a potion of heal wounds {unknown}
 q - 2 potions of resistance
 w - a potion of agility {unknown}
Comestibles
 f - 4 rations
 u - 3 chunks of flesh


   Skills:
 + Level 5.2 Fighting
 + Level 4.8 Axes
 + Level 4.7 Armour
 - Level 3.2 Shields
 + Level 1.3 Transmutations


You had 4 spell levels left.
You knew the following spells:

 Your Spells              Type           Power        Failure   Level  Hunger
a - Beastly Appendage     Tmut           #.....       94%         1    ##.....

Your spell library contained the following spells:

 Spells                   Type           Power        Failure   Level  Hunger
 Sticks to Snakes         Tmut           #.......     98%         2    ###....
 Spider Form              Tmut/Pois      #.........   100%        3    ####...
 Ice Form                 Ice/Tmut       #.......     100%        4    #####..
 Blade Hands              Tmut           #.........   100%        5    ######.


Dungeon Overview and Level Annotations

Branches:
Dungeon (3/15)

Altars:

Annotations:
D:2 exclusion: downstairs


Message History

The orc priest hits you with a +0 dagger.
* * * LOW HITPOINT WARNING * * *
Your shield and scale mail prevent you from hitting the orc priest.
The orc priest is severely wounded.
The orc priest hits you but does no damage.
Your shield and scale mail prevent you from hitting the orc priest.
The orc priest threatens, "By the altar or by the axe, you will meet Beogh!"
The orc priest is severely wounded.
You block the orc priest's attack.
The orc priest calls down the wrath of Beogh upon you.
You barely resist.
It was a potion of resistance.
You feel protected.
The orc priest hits you but does no damage.
You hit the orc priest but do no damage.
The orc priest threatens, "By the altar or by the axe, you will meet Beogh!"
The orc priest is severely wounded.
The orc priest mumbles some strange prayers to Beogh against you.
Beogh smites you!
You die...

######### #.......#
#.......# #.......#
#########'#.#
#.........#.#
#####.#########.#
#.@o..#####.....###
#..>[...)..........
#.....#####.#######
#.....#####........
#..................
###'#....##......##
#.#....'.......##
#.#....#.......##
#÷)....'÷......##


You could see an orc priest.

Vanquished Creatures
  A crimson imp (D:2)
  3 jellies (D:2)
  9 oozes
  3 worms (D:2)
  A dart slug (D:1)
  3 orcs (D:2)
  2 giant cockroaches
  9 goblins
  4 hobgoblins
  5 jackals
  12 kobolds
  2 quokkas (D:2)
  6 bats
  4 frilled lizards
  9 rats
73 creatures vanquished.

Vanquished Creatures (others)
  3 fungi (D:2)
  10 toadstools
13 creatures vanquished.

Grand Total: 86 creatures vanquished

Notes
Turn   | Place    | Note
-------+----------+-------------------------------------------
     0 | D:1      | MrBloom the Hill Orc Fighter began the quest for the Orb.
     0 | D:1      | Reached XP level 1. HP: 19/19 MP: 1/1
   173 | D:1      | Reached XP level 2. HP: 27/27 MP: 2/2
   306 | D:1      | Reached skill level 4 in Fighting
   490 | D:1      | Reached XP level 3. HP: 32/33 MP: 3/3
  1439 | D:2      | Reached XP level 4. HP: 41/41 MP: 4/4
  1487 | D:2      | Learned a level 1 spell: Beastly Appendage
  1822 | D:2      | Reached XP level 5. HP: 42/47 MP: 5/5
  1825 | D:2      | Reached skill level 1 in Transmutations
  1834 | D:2      | Reached skill level 5 in Fighting
  2137 | D:2      | Reached XP level 6. HP: 26/56 MP: 6/6
  2144 | D:2      | Killed from afar by an orc priest

Levels and vault maps discovered:
D:1:      ldierk_walled_garden_2, layout_rooms
D:2:      cheibrodos_fertilizer, layout_basic, first_ration
D:3:      layout_rooms, minmay_fountain_box, fedhas_altar_3

Skill      XL: |  1  2  3  4  5 |
---------------+----------------+-----
Axes           | 3 4 |  4.8
Fighting       | 4 5 |  5.2
Armour         | 4 |  4.7
Transmutations | 1 |  1.3
Shields        | |  3.2

Action                   |  1- 3 |  4- 6 || total
-------------------------+-------+-------++-------
Melee: War axe           |   146 |    70 ||   216
  Use: Potion            |     2 |     1 ||     3
       Scroll            |     2 |       ||     2
  Eat: Chunk             |     2 |     2 ||     4
Armor: Scale mail        |    75 |    32 ||   107
Dodge: Dodged            |    64 |    27 ||    91
Block: Shield            |    80 |    41 ||   121
